 Dungeon Crawl Stone Soup version 0.31-a0-486-g8d68a81214 (webtiles) character file.

Game seed: 11757470897762337853

32375 Pooter the Severer (level 13, -3/116 HPs)
             Began as a Minotaur Hunter on Aug 7, 2023.
             Was an Elder of Makhleb.
             Slain by an ice devil (6 damage)
             ... in an ice cave on Aug 8, 2023.
             The game lasted 01:28:39 (17755 turns).

Pooter the Severer (Minotaur Hunter)               Turns: 17755, Time: 01:28:40

Health: -3/116     AC: 16    Str: 23    XL:     13   Next: 31%
Magic:  18/18      EV: 10    Int:  6    God:    Makhleb [****..]
Gold:   81         SH:  0    Dex: 18    Spells: 11/12 levels left

rFire   x . .        b - +0 orcbow
rCold   + + .        (shield currently unavailable)
rNeg    . . .        g - +4 chain mail {rC+}
rPois   +            O - +2 hat
rElec   .            (no cloak)
rCorr   .            c - +0 pair of gloves of Parlour Games {rPois Stlth+}
SInv    .            r - +0 pair of boots
Will    .....        (no amulet)
Stlth   +            w - ring of ice
HPRegen 1.19/turn    H - +6 ring of strength
MPRegen 0.16/turn

%: no passive effects
@: slowed, very slow
A: horns 2, retaliatory headbutt, claws 1, regeneration 1, sturdy frame 1
a: Renounce Religion, Minor Destruction, Lesser Servant of Makhleb, Major
Destruction


You were in an ice cave.
You worshipped Makhleb.
Makhleb was greatly pleased with you.
You visited 3 branches of the dungeon, and saw 14 of its levels.
You also visited: Ice Cave and Volcano.

You collected 667 gold pieces.
You spent 586 gold pieces at shops.

Inventory:

Hand Weapons
 a - a +6 battleaxe of freezing
   (You took it off a wight on level 7 of the Dungeon)
 b - a +0 orcbow (weapon)
   (You took it off a centaur on level 6 of the Dungeon)
 v - a +2 antimagic spear
   (You took it off a gnoll on level 5 of the Dungeon)
 y - a +2 flail of venom
   (You took it off Edmund on level 4 of the Dungeon)
 E - a +0 flail of draining
   (You took it off a gnoll on level 5 of the Dungeon)
 I - a +2 dire flail
   (You took it off a wight on level 7 of the Dungeon)
 K - a +0 war axe
   (You found it on level 5 of the Dungeon)
 R - the +7 hand axe "Ujer" {holy, rPois}
   (You found it on level 10 of the Dungeon)

   rPois:     It protects you from poison.
Missiles
 h - 55 poisoned darts
 m - 2 boomerangs
 q - 2 throwing nets {!f}
 x - 2 atropa-tipped darts
 L - 11 curare-tipped darts
 Q - 129 stones
Armour
 c - the +0 pair of gloves of Parlour Games (worn) {rPois Stlth+}
   (You acquired it on level 8 of the Dungeon)

   rPois:     It protects you from poison.
   Stlth:     It makes you more stealthy.
 g - a +4 chain mail of cold resistance (worn)
   (You took it off Ijyb on level 3 of the Dungeon)
 r - a +0 pair of boots (worn)
   (You found it on level 2 of the Dungeon)
 u - a +0 kite shield
   (You took it off a gnoll sergeant on level 6 of the Dungeon)
 G - +0 fire dragon scales
   (You found it in a volcano)
 O - a +2 hat (worn)
   (You found it on level 7 of the Dungeon)
Magical Staves
 n - a staff of poison
   (You found it on level 1 of the Dungeon)
Jewellery
 e - a ring of willpower
   (You bought it in a shop on level 9 of the Dungeon)
 t - a +4 ring of protection
   (You took it off a kobold brigand on level 9 of the Dungeon)
 w - a ring of ice (left hand)
   (You found it on level 4 of the Dungeon)
 C - a ring of resist corrosion
   (You found it on level 2 of the Dungeon)
 H - a +6 ring of strength (right hand)
   (You found it on level 6 of the Dungeon)
 S - a ring of see invisible
   (You found it on level 2 of the Dungeon)
 V - the ring "Nugekhl Sier" {Wiz Str+2}
   (You found it on level 1 of the Lair of Beasts)

   [ring of wizardry]

   It improves your spell success rate.
   Str:       It affects your strength (+2).
Wands
 d - a wand of iceblast (1)
   (You bought it in a shop on level 9 of the Dungeon)
 o - a wand of mindburst (21)
   (You took it off an orc on level 8 of the Dungeon)
 s - a wand of polymorph (6)
   (You took it off Ijyb on level 3 of the Dungeon)
 D - a wand of digging (10)
   (You found it on level 5 of the Dungeon)
Scrolls
 j - 2 scrolls of immolation {!r}
 l - 3 scrolls of poison {!r}
 M - a scroll of fear
 P - a scroll of noise {!r}
 U - a scroll of fog {unknown}
 W - a scroll of brand weapon
 X - a scroll of silence
 Y - a scroll of butterflies
Potions
 f - 7 potions of curing {@q1}
 i - a potion of haste {unknown}
 k - 4 potions of might
 p - a potion of invisibility {unknown}
 z - 3 potions of mutation {!q}
 A - 2 potions of brilliance
 B - a potion of heal wounds {@q2}
 F - 2 potions of lignification {unknown}
 J - a potion of enlightenment {unknown}
 N - 8 potions of ambrosia
 T - 2 potions of resistance {unknown}


   Skills:
 + Level 11.6 Fighting
 * Level 15.8 Axes
 * Level 15.5 Ranged Weapons
 - Level 2.1 Dodging
 - Level 0.7 Stealth
 + Level 8.5 Invocations


You had 11 spell levels left.
You knew the following spells:

 Your Spells              Type           Power      Damage    Failure   Level
c - Apportation           Tloc           0%         N/A       90%         1

Your spell library contained the following spells:

 Spells                   Type           Power      Damage    Failure   Level
 Necrotise                Necr           0%         1d4       90%         1
 Summon Small Mammal      Summ           0%         N/A       90%         1
 Poisonous Vapours        Pois/Air       0%         N/A       97%         2
 Ignite Poison            Fire/Tmut/Pois 0%         N/A       99%         3
 Mephitic Cloud           Conj/Pois/Air  0%         N/A       99%         3
 Sticky Flame             Conj/Fire      0%         2d3       100%        4
 Freezing Cloud           Conj/Ice/Air   0%         6-21      100%        5
 Ignition                 Fire           0%         3d3       100%        8


Dungeon Overview and Level Annotations

Branches:
Dungeon (10/15) Zot: 25777  Temple (1/1) D:6 Zot: 5914    Lair (3/5) D:10 Zot: 13726
  Swamp (0/4) Lair:2       Spider (0/4) Lair:3        IceCv (1/1) Zot: 5178
Volcano (visited)
    Orc: D:9-12

Altars:
Ashenzari
Cheibriados
Dithmenos
Elyvilon
Fedhas
Gozag
Hepliaklqana
Kikubaaqudgha
Makhleb
Nemelex Xobeh
Okawaru
Qazlal
Ru
Sif Muna
Trog
Uskayaw
Vehumet
Wu Jian
Xom
Yredelemnul
Zin
The Shining One

Shops:
D:5 *   D:9 ==***:


Innate Abilities, Weirdness & Mutations

You have a pair of horns on your head.
You reflexively headbutt those who attack you in melee.
You have sharp fingernails.
Your natural rate of healing is unusually fast.
Your movements are slightly less encumbered by armour. (ER -2)


Message History

Okay, then.
You shoot an arrow.
The arrow hits the ice devil but does no damage.
The ice devil hits you but does no damage.
The freezing wraith barely misses you.
The freezing wraith hits you but does no damage.
The ice devil closely misses you. The ice devil attacks as you move away!
The ice devil hits you.
* * * LOW HITPOINT WARNING * * *
The ice devil freezes you. You resist.
* * * LOW HITPOINT WARNING * * *
The ice devil hits you but does no damage. x3
Unknown command.
Okay, then.
A demon appears!
The ice devil misses you. The ice devil barely misses you.
The ice devil hits you.
* * * LOW HITPOINT WARNING * * *
The ice devil freezes you! You resist.
* * * LOW HITPOINT WARNING * * *
The ice devil barely misses you.
The ice devil hits you but does no damage.
Your ynoxinul hits the ice devil but does no damage.
The ice devil barely misses your ynoxinul.
The ice devil hits your ynoxinul! The ice devil freezes your ynoxinul.
Your ynoxinul resists.
Your ynoxinul barely misses the ice devil.
A demon appears!
The ice devil barely misses your ynoxinul.
The ice devil hits your ynoxinul! The ice devil freezes your ynoxinul!
Your ynoxinul resists.
Your ynoxinul dies!
Your ynoxinul disappears in a puff of smoke!
The ice devil attacks as you move away! The ice devil hits you.
* * * LOW HITPOINT WARNING * * *
The ice devil freezes you. You resist.
* * * LOW HITPOINT WARNING * * *
Unknown command.
The ice devil hits your smoke demon!
The ice devil freezes your smoke demon!!
Your smoke demon closely misses the ice devil.
Your smoke demon barely misses the ice devil.
Your smoke demon hits the ice devil.
The ice devil hits your smoke demon!
Your smoke demon dies!
Your smoke demon disappears in a puff of smoke!
The ice devil closely misses you. You furiously retaliate!
You headbutt the ice devil! You shoot an arrow. The arrow hits the ice devil!
The ice devil hits you.
* * * LOW HITPOINT WARNING * * *
The ice devil freezes you. You resist.
You die...

#.......###..##
######..#
#........###..#
##..## ##.......#
#..## ##...#
##......# ##..#
##...## #......##
##.####...##
##..8#..##
#..##...##
#..###..####..#..##
#.[# ##..# #.....#
######@.## ##...##
##4ยง### #####
#.4##.## #4W#4ZZ##
#.Z#WWZ.#
##W..#Z..... ##..#


ZZ... #### 4Z.. ... You could see 3 ice devils, 2 freezing wraiths and a harpy
simulacrum.

Vanquished Creatures
  Gastronok (Lair:2)
  An eleionoma (Lair:2)
  A fire dragon (Volcano)
  Erica (D:9)
  4 death yaks
  Nergalle (D:10)
  A skyshark (Lair:2)
  A lindwurm (Volcano)
  3 black mambas
  A torpor snail (Lair:1)
  5 cane toads (Lair:1)
  2 ice devils (IceCv)
  4 rime drakes
  4 freezing wraiths (IceCv)
  An anaconda simulacrum (IceCv)
  8 komodo dragons
  2 polar bears
  A queen bee (Lair:2)
  5 blink frogs
  36 yaks
  2 wyverns
  A hog (Lair:2)
  5 basilisks
  A death yak simulacrum (IceCv)
  A steam dragon (D:8)
  4 fire bats (Volcano)
  Menkaure (D:4)
  An acid dragon (D:9)
  Edmund (D:4)
  7 water moccasins
  A hydra simulacrum (IceCv)
  3 hell hounds (Volcano)
  An orc warrior (D:9)
  4 ice beasts
  2 sky beasts
  3 black bears
  5 wolves (Lair:2)
  6 centaurs
  A phantom (D:6)
  15 kobold brigands
  8 bullfrogs
  2 gnoll sergeants
  2 two-headed ogre simulacra (IceCv)
  3 cane toad simulacra (IceCv)
  5 scorpions
  11 wights
  An elephant simulacrum (IceCv)
  26 killer bees
  A howler monkey (D:8)
  3 jellies
  3 hounds
  A gnoll bouda (D:6)
  4 orc priests
  A sleepcap (D:6)
  5 iguanas
  9 orc wizards
  Ijyb (D:3)
  4 hell rats (Lair:1)
  A spriggan simulacrum (IceCv)
  3 polar bear simulacra (IceCv)
  A troll simulacrum (IceCv)
  A wolf simulacrum (IceCv)
  16 gnolls
  3 adders
  A naga simulacrum (IceCv)
  2 shadow imps
  A white imp (IceCv)
  An ufetubus (D:6)
  A worm (D:3)
  3 dart slugs
  37 orcs
  2 endoplasms
  3 giant cockroaches
  3 goblins (D:1)
  9 hobgoblins
  8 jackals (D:2)
  A quokka (D:4)
  8 ball pythons
  8 bats
  2 frilled lizards (D:3)
  18 kobolds
  11 rats
382 creatures vanquished.

Vanquished Creatures (collateral kills)
  A catoblepas (Lair:1)
  A yak (Lair:2)
  A killer bee (Lair:2)
3 creatures vanquished.

Grand Total: 385 creatures vanquished

Notes
Turn   | Place    | Note
-------+----------+-------------------------------------------
     0 | D:1      | Pooter the Minotaur Hunter began the quest for the Orb.
     0 | D:1      | Reached XP level 1. HP: 18/18 MP: 0/0
   150 | D:1      | Reached XP level 2. HP: 24/25 MP: 1/1
   202 | D:1      | Learned a level 1 spell: Apportation
   264 | D:1      | Reached skill level 5 in Ranged Weapons
   460 | D:1      | Reached XP level 3. HP: 31/31 MP: 2/2
   778 | D:2      | Found a snail-covered altar of Cheibriados.
   979 | D:2      | Reached skill level 1 in Axes
  1512 | D:3      | Reached XP level 4. HP: 38/38 MP: 3/3
  1611 | D:3      | Found a snail-covered altar of Cheibriados.
  1914 | D:3      | Noticed Ijyb
  1953 | D:3      | Killed Ijyb
  2110 | D:3      | Reached XP level 5. HP: 43/46 MP: 4/4
  2297 | D:3      | Found a glowing golden altar of the Shining One.
  2297 | D:3      | Found a faded altar of an unknown god.
  2303 | D:3      | Found a broken altar of Ashenzari.
  2305 | D:3      | Found a white marble altar of Elyvilon.
  2307 | D:3      | Found a shimmering altar of Xom.
  2700 | D:4      | Noticed Menkaure
  2710 | D:4      | Killed Menkaure
  2711 | D:4      | Reached XP level 6. HP: 29/52 MP: 5/5
  3077 | D:4      | Noticed Edmund
  3095 | D:4      | Killed Edmund
  3823 | D:3      | Found a sparkling altar of Nemelex Xobeh.
  3857 | D:4      | Reached skill level 5 in Axes
  3857 | D:4      | Reached XP level 7. HP: 48/53 MP: 6/6
  4328 | D:5      | Entered Level 5 of the Dungeon
  4334 | D:5      | Reached skill level 5 in Fighting
  4489 | D:5      | Found a sacrificial altar of Ru.
  4930 | D:5      | Found an ornate altar of the Wu Jian Council.
  5119 | D:5      | Found an opulent altar of Gozag.
  5121 | D:5      | Found Gozag's Platinum Reserve.
  5357 | D:6      | Found a staircase to the Ecumenical Temple.
  5369 | Temple   | Entered the Ecumenical Temple
  5445 | Temple   | Became a worshipper of Makhleb the Destroyer
  5466 | D:6      | Reached XP level 8. HP: 53/69 MP: 7/7
  5622 | D:6      | Reached skill level 1 in Invocations
  6354 | D:7      | Reached XP level 9. HP: 59/78 MP: 9/9
  7598 | D:7      | Reached skill level 10 in Ranged Weapons
  8090 | D:7      | Reached * piety under Makhleb
  8118 | D:7      | Reached skill level 10 in Axes
  8541 | D:7      | Reached XP level 10. HP: 45/88 MP: 12/12
  8982 | D:8      | Identified a scroll of acquirement
  8982 | D:8      | Acquired the +0 pair of gloves of Parlour Games {rPois
                  | Stlth+}
  9035 | D:8      | Found a hazy altar of Hepliaklqana.
  9036 | D:8      | Found a shadowy altar of Dithmenos.
  9054 | D:8      | Found a glowing silver altar of Zin.
  9203 | D:8      | Reached ** piety under Makhleb
  9264 | D:8      | Found a bloodstained altar of Trog.
  9340 | D:8      | Gained mutation: You occasionally lose the ability to drink
                  | potions when taking damage. [potion of mutation]
  9340 | D:8      | Gained mutation: Your spells are a little harder to cast,
                  | but a little more powerful. [potion of mutation]
  9340 | D:8      | Gained mutation: You are agile. (Dex +4, Str/Int -1)
                  | [potion of mutation]
  9341 | D:8      | Lost mutation: Your spells are a little harder to cast, but
                  | a little more powerful. [potion of mutation]
  9341 | D:8      | Lost mutation: You are agile. (Dex +4, Str/Int -1) [potion
                  | of mutation]
  9341 | D:8      | Lost mutation: You occasionally lose the ability to drink
                  | potions when taking damage. [potion of mutation]
  9341 | D:8      | Gained mutation: Your movements are slightly less
                  | encumbered by armour. (ER -2) [potion of mutation]
  9341 | D:8      | Gained mutation: You are frail. (-10% HP) [potion of
                  | mutation]
  9341 | D:8      | Gained mutation: You occasionally shout uncontrollably at
                  | your foes. [potion of mutation]
  9341 | D:8      | Gained mutation: Your natural rate of healing is unusually
                  | fast. [potion of mutation]
  9342 | D:8      | Lost mutation: You occasionally shout uncontrollably at
                  | your foes. [potion of mutation]
  9342 | D:8      | Lost mutation: You are frail. (-10% HP) [potion of
                  | mutation]
  9342 | D:8      | Gained mutation: You have sharp fingernails. [potion of
                  | mutation]
  9666 | D:9      | Found an ancient bone altar of Kikubaaqudgha.
  9677 | D:9      | Found Sikas's Jewellery Boutique.
  9812 | D:9      | Bought a ring of willpower for 275 gold pieces
  9996 | D:9      | Found Busior's Jewellery Shoppe.
 10029 | D:9      | Found Zixisih's General Store.
 10037 | D:9      | Bought 2 potions of might for 128 gold pieces
 10272 | D:9      | Found Ehynorchiru's Book Emporium.
 10584 | D:9      | Noticed Erica
 10602 | D:9      | Killed Erica
 10603 | D:9      | Reached skill level 5 in Invocations
 10628 | D:9      | Found Yvenas's General Store.
 11017 | D:9      | Found Owuser's Assorted Antiques.
 11117 | D:9      | Bought a scroll of identify for 32 gold pieces
 11141 | D:10     | Entered Level 10 of the Dungeon
 11143 | D:10     | Found a staircase to the Lair.
 11171 | D:10     | Noticed Nergalle
 11185 | D:10     | Killed Nergalle
 11371 | D:10     | Found an iron altar of Okawaru.
 11479 | D:9      | Bought a fizzy cyan potion for 27 gold pieces
 11690 | D:10     | Noticed a six-headed hydra
 11690 | D:10     | Noticed a centaur warrior
 11944 | D:10     | Identified the +7 hand axe "Ujer" {holy, rPois}
 12077 | D:10     | Found a blossoming altar of Fedhas.
 12275 | Lair:1   | Entered Level 1 of the Lair of Beasts
 12286 | Lair:1   | Noticed a cane toad
 12291 | Lair:1   | Killed a cane toad
 12291 | Lair:1   | Reached *** piety under Makhleb
 12292 | Lair:1   | Reached XP level 11. HP: 95/95 MP: 14/14
 12455 | Lair:1   | Identified the ring "Nugekhl Sier" {Wiz Str+2}
 12564 | Lair:1   | Noticed a catoblepas
 12585 | Lair:1   | Killed a catoblepas
 13546 | Lair:2   | Reached skill level 10 in Fighting
 13703 | Lair:2   | Reached XP level 12. HP: 106/106 MP: 16/16
 13774 | Lair:2   | Reached **** piety under Makhleb
 13808 | Lair:2   | Noticed Sonja
 13833 | Lair:2   | Sonja changed into Sonja the hog
 13833 | Lair:2   | Noticed Sonja
 13836 | Lair:2   | Killed Sonja the hog
 14378 | D:9      | Bought a crooked brass wand for 124 gold pieces
 14461 | Lair:2   | Found a staircase to the Swamp.
 14461 | Lair:2   | Noticed an eleionoma
 14471 | Lair:2   | Killed an eleionoma
 14488 | Lair:2   | Noticed Gastronok
 14502 | Lair:2   | Killed Gastronok
 15068 | Lair:2   | Noticed a death yak
 15068 | Lair:2   | Noticed a death yak
 15115 | Lair:2   | Noticed a death yak
 15115 | Lair:2   | Noticed a death yak
 15123 | Lair:1   | Killed a death yak
 15467 | Lair:2   | Killed a death yak
 15468 | Lair:2   | Reached skill level 15 in Axes
 15469 | Lair:2   | Killed a death yak
 15469 | Lair:2   | Killed a death yak
 15670 | Lair:2   | Reached skill level 15 in Ranged Weapons
 16503 | Lair:2   | Reached XP level 13. HP: 115/116 MP: 18/18
 16580 | Lair:3   | Found a dark tunnel.
 16589 | Volcano  | Entered a volcano
 16664 | Volcano  | Noticed a fire dragon
 16673 | Volcano  | Killed a fire dragon
 16920 | Lair:3   | Found a hole to the Spider Nest.
 16924 | Lair:3   | Found a frozen archway.
 16938 | IceCv    | Entered an ice cave
 17093 | IceCv    | Reached ***** piety under Makhleb
 17730 | IceCv    | Found an ancient bone altar of Kikubaaqudgha.
 17753 | IceCv    | HP: 2/116 [ice devil (5)]
 17755 | IceCv    | Slain by an ice devil

Illustrated notes

Levels and vault maps discovered:
D:1:      amcnicky_arrival_underground_garden, layout_loops_cross,
          corexii_leaking_fountain, minmay_misc_feat_cross
D:2:      layout_loops_cross, basic_altar
D:3:      layout_basic, nicolae_overflow_hidden_temple, kennysheep_slug_shrine,
          chequers_temple_overflow_minitemple, uniq_ijyb
D:4:      layout_cave_pods, uniq_menkaure, uniq_edmund
D:5:      layout_loops_ring, mainiacjoe_overflow_alcove_1,
          nicolae_ru_path_of_blood, nicolae_gozag_zags_fifth_avenue
D:6:      layout_cave_pools, minmay_temple_entry_arrows,
          minmay_fractal_squares_diagonal_5
D:7:      layout_loops_cross
D:8:      layout_cave_pools, riverfiend_overflow_shadow_ancestor,
          mainiacjoe_overflow_boulevard, general_overflow_altar
D:9:      layout_roguey, mainiacjoe_overflow_brackets, serial_shops,
          nicolae_shop_tiny_waterfront, nicolae_shop_overgrown_old_shop,
          nicolae_square_shop, nicolae_shop_hallway_stairs, special_room
          [special_room_kobold], nicolae_wooded_promenade, uniq_erica
D:10:     layout_small_grid, fedhas_altar_1,
          mainiacjoe_overflow_six_doors_small, lair_entry_dummy,
          lightli_corner_chamber, uniq_nergalle
Temple:   nicolae_temple_two_arcs
Lair:1:   layout_regular_city, grunt_megastairs_5
Lair:2:   layout_layer_cave, alex1729_swamp_entry_worm_eleionoma, special_room
          [special_room_bee], beast_lair_carwin_1, uniq_sonja, uniq_gastronok
Lair:3:   layout_big_grid, nicolae_spider_entry_lesser_pyramids,
          portal_ice_cave_rime, enter_volcano_1
IceCv:    ice_cave_small_necro

Skill      XL: |  1  2  3  4  5  6  7  8  9 10 11 12 |
---------------+-------------------------------------+-----
Fighting       | 3 4 5 6 7 8 10 11 | 11.6
Ranged Weapons | 5 6 7 8 9 10 12 13 15 | 15.5
Axes           | 1 2 4 5 6 8 10 11 13 15 | 15.8
Invocations    | 2 4 5 6 8 |  8.5
Dodging        | |  2.1
Stealth        | |  0.7

Action                     |  1- 3 |  4- 6 |  7- 9 | 10-12 | 13-15 || total
---------------------------+-------+-------+-------+-------+-------++-------
  Melee: Dagger            |    16 |       |       |       |       ||    16
         Headbutt          |     7 |    26 |    51 |    72 |    16 ||   172
         Hand axe          |    13 |    52 |       |       |       ||    65
         Short sword       |       |    33 |       |       |       ||    33
         Unarmed           |       |    18 |       |       |       ||    18
         Punch             |       |     3 |     4 |       |       ||     7
         Flail             |       |    19 |    16 |       |       ||    35
         War axe           |       |       |   141 |       |       ||   141
         Dire flail        |       |       |    32 |       |       ||    32
         Battleaxe         |       |       |    14 |   353 |    77 ||   444
   Fire: Shortbow          |    91 |    54 |    30 |       |       ||   175
         Orcbow            |       |       |    40 |   215 |    27 ||   282
  Throw: Dart              |       |       |     4 |    31 |     3 ||    38
         Boomerang         |       |       |       |       |     1 ||     1
 Invoke: Lesser Servant of |       |       |       |     5 |     4 ||     9
         Major Destruction |       |       |       |       |     2 ||     2
  Evoke: Wand              |       |     4 |     5 |    11 |     2 ||    22
    Use: Scroll            |     2 |     1 |     1 |    20 |     2 ||    26
         Potion            |       |       |       |     6 |       ||     6
   Stab: Paralysed         |       |    15 |     3 |       |       ||    18
         Petrified         |       |       |       |     3 |       ||     3
         Distracted        |       |       |       |     1 |       ||     1
 Armour: Ring mail         |     3 |       |       |       |       ||     3
         Scale mail        |    23 |    11 |       |       |       ||    34
         Skin              |       |     2 |       |       |       ||     2
         Chain mail        |       |    48 |   139 |   219 |    54 ||   460
         Fire dragon scale |       |       |       |       |    12 ||    12
  Dodge: Dodged            |    37 |    44 |   120 |   195 |    68 ||   464

Table legend: (Time is in decaauts)
 A = Elapsed time spent in this place.
 B = Non-inter-level travel time spent in this place.
 C = Inter-level travel time spent in this place.
 D = Time resting spent in this place.
 E = Time spent auto-exploring this place.
 F = Levels seen in this place.
 G = Mean time per level.
                   A        B        C        D        E       F      G
               +--------+--------+--------+--------+--------+-----+--------+
         Total |  17887 |  17081 |    806 |   5958 |   7856 |  16 | 1117.9 |
       Dungeon |  12405 |  11863 |    542 |   3881 |   5870 |  10 | 1240.5 |
        Temple |     85 |     85 |      0 |      0 |     18 |   1 |   85.0 |
          Lair |   4273 |   4009 |    264 |   1400 |   1769 |   3 | 1424.3 |
      Ice Cave |    819 |    819 |      0 |    588 |     99 |   1 |  819.0 |
       Volcano |    303 |    303 |      0 |     88 |    100 |   1 |  303.0 |
               +--------+--------+--------+--------+--------+-----+--------+

Top non-repeatable levels by time:
  Lair:2: 2747 daAuts
     D:6: 1904 daAuts
     D:9: 1728 daAuts
     D:3: 1690 daAuts
     D:7: 1515 daAuts
  Lair:1: 1436 daAuts
     D:4: 1269 daAuts
    D:10: 1089 daAuts
     D:8: 913 daAuts
     D:5: 866 daAuts
   IceCv: 819 daAuts
     D:1: 722 daAuts
     D:2: 705 daAuts
 Volcano: 303 daAuts
  Lair:3: 89 daAuts
